 Dungeon Crawl Stone Soup version 0.28.0-1-gb440e238dd (webtiles) character file.

Game seed: 6781174698389453694

4752 Sanktem7 the Cleaver (level 10, 0/88 (90) HPs)
             Began as a Minotaur Fighter on Feb 22, 2022.
             Slain by a wight (1 damage)
             ... on level 9 of the Dungeon.
             The game lasted 00:19:02 (10016 turns).

Sanktem7 the Cleaver (Minotaur Fighter)            Turns: 10016, Time: 00:19:03

HP:   0/88 (90)     AC: 11    Str: 41    XL:     10   Next: 23%
MP:   9/9           EV: 12    Int:  5    God:
Gold: 1073          SH:  0    Dex:  9    Spells: 9/9 levels left

rFire   . . .      SeeInvis .   B - +3 great mace (drain)
rCold   . . .      Faith    .   (shield currently unavailable)
rNeg    . . .      Spirit   .   D - +3 ring mail "Acyuk" {Str+9}
rPois   .          Reflect  .   (helmet restricted)
rElec   .          Harm     .   b - +0 cloak
rCorr   .          Rampage  .   (no gloves)
Will    .....                   (no boots)
Stlth   ..........              (no amulet)
HPRegen 0.24/turn               u - ring of flight
MPRegen 0.11/turn               A - +6 ring of strength

@: flying, lightly drained
A: horns 2, retaliatory headbutt
a: no special abilities


You were on level 9 of the Dungeon.
You visited 1 branch of the dungeon, and saw 9 of its levels.

You collected 1073 gold pieces.

Inventory:

Hand Weapons
 a - a +0 war axe of venom
 B - a +3 great mace of draining (weapon)
Missiles
 c - 4 boomerangs (quivered)
 s - a throwing net
Armour
 b - a +0 cloak (worn)
 n - a +0 kite shield
 D - the +3 ring mail "Acyuk" (worn) {Str+9}
   (You found it on level 6 of the Dungeon)

   Str:       It affects your strength (+9).
Jewellery
 r - a ring of protection from cold
 u - a ring of flight (left hand)
 A - a +6 ring of strength (right hand)
Wands
 l - a wand of mindburst (16)
 o - a wand of iceblast (6)
 q - a wand of polymorph (5)
 x - a wand of paralysis (12)
Scrolls
 e - 2 scrolls of immolation
 h - 3 scrolls of teleportation
 v - 2 scrolls of magic mapping
 y - a scroll of holy word
Potions
 d - 3 potions of might
 f - a potion of mutation
 g - a potion of lignification
 i - 5 potions of degeneration
 k - 2 potions of flight
 m - a potion of curing
 w - 2 potions of haste
 z - a potion of brilliance
Miscellaneous
 j - a condenser vane


   Skills:
 * Level 8.7 Fighting
 - Level 10.0(11.4) Axes
 * Level 8.8(10.9) Maces & Flails
 * Level 3.4 Throwing
 + Level 8.0 Armour
 + Level 3.6 Dodging
 - Level 3.6 Shields


You had 9 spell levels left.
You didn't know any spells.
Your spell library contained the following spells:

 Spells                   Type           Power      Damage    Failure   Level
 Blink                    Tloc           0%         N/A       69%         2
 Ensorcelled Hibernation  Hex/Ice        0%         N/A       69%         2
 Passwall                 Tmut/Erth      0%         N/A       69%         2
 Frozen Ramparts          Ice            0%         1d2       89%         3
 Swiftness                Air            0%         N/A       89%         3
 Tukima's Dance           Hex            0%         N/A       89%         3
 Anguish                  Hex/Necr       0%         N/A       100%        4
 Animate Dead             Necr           0%         N/A       100%        4
 Ice Form                 Ice/Tmut       0%         N/A       100%        4
 Summon Ice Beast         Ice/Summ       0%         N/A       100%        4
 Borgnjor's Vile Clutch   Necr/Erth      0%         N/A       100%        5
 Manifold Assault         Tloc           0%         N/A       100%        5
 Death Channel            Necr           0%         N/A       100%        6
 Enfeeble                 Hex            0%         N/A       100%        7
 Storm Form               Tmut/Air       0%         N/A       100%        7


Dungeon Overview and Level Annotations

Branches:
Dungeon (9/15)             Temple (0/1) D:6
   Lair: D:8-11         Orc: D:9-12

Altars:


Innate Abilities, Weirdness & Mutations

You have a pair of horns on your head.
You reflexively headbutt those who attack you in melee.


Message History

The wight hits you with a +1 hand axe!
You hit the wight but do no damage. You headbutt the wight!
The wight is heavily damaged.
You are engulfed in a cloud of scalding steam.
A wight comes into view. It is wielding a +4 short sword.
The wight hits you with a +4 short sword.
You feel drained. The wight hits you with a +1 hand axe.
You bludgeon the wight!!
You destroy the wight!
You are engulfed in a cloud of scalding steam.
The wight is engulfed in a cloud of scalding steam.
The wight misses you. You furiously retaliate!
You headbutt the wight, but do no damage.
The wight barely misses you.
Your life force feels restored.
The wight hits you but does no damage.
Things that are here:
a +0 long sword; a +0 robe The steam dragon breathes steam at you.
The ball of steam hits you!
You are engulfed in a cloud of scalding steam.
You are engulfed in a cloud of scalding steam.
The steam dragon bites you but does no damage.
The steam dragon closely misses you.
You are engulfed in a cloud of scalding steam.
The steam dragon breathes steam at you. The ball of steam hits you!
* * * LOW HITPOINT WARNING * * *
You are engulfed in a cloud of scalding steam.
* * * LOW HITPOINT WARNING * * *
You pound the steam dragon like an anvil!!!
You kill the steam dragon!
You are engulfed in a cloud of scalding steam.
* * * LOW HITPOINT WARNING * * *
You are engulfed in a cloud of scalding steam.
* * * LOW HITPOINT WARNING * * *
The wight hits you with a +0 halberd.
* * * LOW HITPOINT WARNING * * *
You feel drained.
You die...

..##......#
....z.......
..##......#
#...........
.###......#
#........... .#
#......#
#.)§........ .#
#......#
#..§zz...... .#
#.######
####§###### .#
#.# #.# ##
#.#############z#
#.......§.§.§@z.#
#################


You could see 2 wights.

Vanquished Creatures
  Psyche (D:8)
  A queen bee (D:8)
  A wyvern (D:9)
  A wraith (D:9)
  3 steam dragons
  A water moccasin (D:7)
  An orc warrior (D:7)
  A hornet zombie (D:7)
  A sky beast (D:8)
  3 necrophages
  4 centaurs
  2 kobold brigands
  2 bullfrogs
  5 scorpions
  A wyvern zombie (D:7)
  A water moccasin skeleton (D:3)
  20 killer bees
  7 wights
  2 centaur zombies
  2 bullfrog zombies
  3 jellies
  2 gnoll shamans
  2 centaur skeletons (D:7)
  An orc priest (D:7)
  A bullfrog skeleton (D:4)
  3 hounds
  An orc wizard (D:9)
  2 mummies (D:7)
  5 adders
  9 gnolls
  4 shadow imps
  2 white imps
  An ufetubus (D:6)
  2 worms (D:4)
  3 dart slugs
  8 orcs
  2 bats
  11 endoplasms
  3 giant cockroaches
  5 hobgoblins
  4 jackals (D:1)
  8 quokkas
  6 ball pythons
  8 frilled lizards
  3 goblins
  10 kobolds
  3 rats
  A butterfly (D:6)
173 creatures vanquished.

Vanquished Creatures (others)
  26 plants (D:8)
26 creatures vanquished.

Grand Total: 199 creatures vanquished

Notes
Turn   | Place    | Note
-------+----------+-------------------------------------------
     0 | D:1      | Sanktem7 the Minotaur Fighter began the quest for the Orb.
     0 | D:1      | Reached XP level 1. HP: 19/19 MP: 0/0
   134 | D:1      | Reached XP level 2. HP: 19/27 MP: 1/1
   141 | D:1      | Reached skill level 3 in Axes
   395 | D:1      | Found a faded altar of an unknown god.
   742 | D:1      | Reached XP level 3. HP: 30/33 MP: 2/2
  1209 | D:2      | Reached skill level 4 in Axes
  1457 | D:2      | Reached XP level 4. HP: 37/40 MP: 3/3
  2142 | D:3      | Reached skill level 5 in Axes
  2142 | D:3      | Reached XP level 5. HP: 47/47 MP: 4/4
  2629 | D:4      | Reached skill level 6 in Axes
  2687 | D:4      | Reached skill level 1 in Dodging
  2860 | D:4      | Reached XP level 6. HP: 52/55 MP: 5/5
  3292 | D:5      | Entered Level 5 of the Dungeon
  3307 | D:5      | Reached skill level 5 in Fighting
  3832 | D:5      | Reached skill level 7 in Axes
  3899 | D:5      | Reached skill level 5 in Armour
  3899 | D:5      | Reached XP level 7. HP: 61/61 MP: 6/6
  4088 | D:5      | Reached skill level 8 in Axes
  4548 | D:6      | Found a staircase to the Ecumenical Temple.
  4900 | D:6      | Reached XP level 8. HP: 63/70 MP: 7/7
  4955 | D:6      | Reached skill level 9 in Axes
  4964 | D:6      | HP: 3/64 [wight (6)]
  5262 | D:6      | Identified the +3 ring mail "Acyuk" {Str+9}
  5791 | D:6      | Identified a scroll of acquirement
  5791 | D:6      | Acquired 582 gold pieces
  5943 | D:7      | Reached skill level 1 in Maces & Flails
  6026 | D:7      | Reached skill level 10 in Axes
  6387 | D:7      | Reached skill level 1 in Throwing
  6392 | D:7      | Reached XP level 9. HP: 33/79 MP: 8/8
  7119 | D:8      | Reached skill level 5 in Maces & Flails
  7427 | D:8      | Noticed Psyche
  7429 | D:8      | Killed Psyche
  8142 | D:8      | Noticed a queen bee
  8146 | D:8      | Killed a queen bee
  9184 | D:8      | Reached XP level 10. HP: 61/89 MP: 9/9
 10016 | D:9      | HP: 4/90 [something (5)]
 10016 | D:9      | HP: 1/90 [wight (3)]
 10016 | D:9      | Slain by a wight

Illustrated notes

Levels and vault maps discovered:
D:1:      dpeg_arrival_circle_labyrinth_a, layout_rooms,
          shapermc_ecumenical_altar_mp_highgroup, st_stairs_8, fountainhead,
          wander_ebering_terrifying_dragon_lair
D:2:      layout_rooms
D:3:      layout_loops_ring
D:4:      layout_basic
D:5:      layout_loops_ring
D:6:      layout_loops_ring, minmay_temple_entry_butterflies,
          serial_bayou_pond_c
D:7:      layout_loops_ring, serial_undead, serial_undead_d, serial_undead_f,
          serial_undead_f, serial_undead_f
D:8:      layout_loops_cross, nicolae_looking_at_the_future, uniq_psyche
D:9:      layout_basic, lightli_corner_chamber

Skill      XL: |  1  2  3  4  5  6  7  8  9 10 |
---------------+-------------------------------+-----
Fighting       | 4 5 6 7 8 |  8.7
Axes           | 3 4 5 6 7 8 10 | 10.0
Armour         | 4 5 6 7 8 |  8.0
Dodging        | 1 2 3 |  3.6
Maces & Flails | 4 8 |  8.8
Throwing       | 1 3 |  3.4
Shields        | |  3.6

Action                   |  1- 3 |  4- 6 |  7- 9 | 10-12 || total
-------------------------+-------+-------+-------+-------++-------
Melee: War axe           |    79 |    91 |    81 |       ||   251
       Headbutt          |     8 |    15 |    28 |     8 ||    59
       Great mace        |       |       |   138 |    37 ||   175
  Use: Scroll            |       |       |    18 |       ||    18
       Potion            |       |       |     6 |       ||     6
Armor: Scale mail        |    35 |    27 |    34 |       ||    96
       Ring mail         |       |       |    81 |    20 ||   101
Dodge: Dodged            |    30 |    38 |   185 |    28 ||   281
Block: Buckler           |    18 |       |       |       ||    18
       Kite shield       |       |    36 |    32 |       ||    68
